 Dungeon Crawl Stone Soup version 0.28-a0-8-g6e044cfa68 (webtiles) character file.

Game seed: 2027271592539278562

2881 snetch the Magician (level 10, -8/65 HPs)
             Began as a Djinni Fire Elementalist on July 23, 2021.
             Was a Plaything of Xom.
             Mangled by Pikel (11 damage)
             ... on level 7 of the Dungeon.
             The game lasted 00:39:34 (8760 turns).

snetch the Magician (Djinni Fire Elementalist)      Turns: 8760, Time: 00:39:36

Health: -8/65      AC:  7    Str:  7    XL:     10   Next: 5%
Gold:   432        EV: 11    Int: 27    God:    Xom [......] SH:  4 Dex: 13

rFire   + + +      SeeInvis .   a - +3 quarterstaff (chaos)
rCold   x . .      Faith    +   (shield currently unavailable)
rNeg    + . .      Spirit   .   e - +0 ring mail
rPois   ∞          Reflect  .   (helmet restricted)
rElec   .          Harm     .   l - +0 cloak
rCorr   .          Rampage  .   (no gloves)
Will    +....                   (boots unavailable)
Stlth   ++........              k - amulet of faith
HPRegen 0.20/turn               u - ring of positive energy
MPRegen 0.00/turn               S - +6 ring of intelligence

@: flying
A: sickness immunity, fire resistance 3, cold vulnerability 1, float, innate
caster, hp casting, extra vitality 1, antennae 2, large bone plates 1, sense
surroundings 1, screaming 1
a: Renounce Religion


You were on level 7 of the Dungeon.
You worshipped Xom.
You were a very special plaything of Xom.
You visited 2 branches of the dungeon, and saw 9 of its levels.
You also visited: Sewer.

You collected 432 gold pieces.

Inventory:

Hand Weapons
 a - a +3 quarterstaff of chaos (weapon)
 b - a +4 battleaxe
 w - a +0 scimitar
Missiles
 c - 4 throwing nets
 q - 169 stones
 A - 119 arrows
 Q - 4 datura-tipped darts
Armour
 e - a +0 ring mail (worn)
 f - a +0 scale mail
 l - a +0 cloak (worn)
 p - a +0 chain mail
 y - a +0 plate armour
Magical Staves
 n - a staff of cold
Jewellery
 j - a ring of ice
 k - an amulet of faith (around neck)
 u - a ring of positive energy (left hand)
 S - a +6 ring of intelligence (right hand)
Wands
 o - a wand of digging (6)
 B - a wand of paralysis (10)
 N - a wand of acid (13)
 O - a wand of flame (16)
Scrolls
 d - 6 scrolls of teleportation {unknown}
 i - a scroll of acquirement {unknown}
 s - 4 scrolls of noise {unknown}
 t - a scroll of torment {unknown}
 v - a scroll of vulnerability {unknown}
 D - 4 scrolls of enchant weapon {unknown}
 F - a scroll of magic mapping {unknown}
 G - a scroll of fog {unknown}
 K - 11 scrolls of identify {unknown}
 P - a scroll of blinking {unknown}
 R - a scroll of amnesia {unknown}
Potions
 g - a potion of lignification {unknown}
 h - a potion of mutation {unknown}
 m - 3 potions of curing
 r - a potion of berserk rage
 x - a potion of heal wounds {unknown}
 z - a potion of degeneration {unknown}
 C - 4 potions of brilliance {unknown}
 H - 2 potions of attraction {unknown}
 L - 4 potions of flight {unknown}
 M - a potion of might {unknown}


   Skills:
 + Level 2.6 Fighting
 + Level 2.3 Staves
 + Level 4.3 Armour
 + Level 4.7 Dodging
 + Level 4.7 Stealth
 + Level 2.0 Shields
 + Level 7.7 Spellcasting


You couldn't memorise any spells.
You knew the following spells:

 Your Spells              Type           Power      Damage    Failure   Level
a - Foxfire               Conj/Fire      100%       2x1d9     1%          1
b - Conjure Flame         Conj/Fire      51%        6-21      2%          3
c - Inner Flame           Hex/Fire       51%        N/A       2%          3
d - Sticky Flame          Conj/Fire      51%        2d7       7%          4
e - Fireball              Conj/Fire      25%        3d11      21%         5
f - Summon Small Mammal   Summ           100%       N/A       1%          1
g - Static Discharge      Conj/Air       51%        N/A       1%          2
h - Summon Guardian Gole  Hex/Summ       51%        N/A       2%          3
i - Dazzling Flash        Conj/Hex       100%       N/A       2%          3
Your spell library was empty.

Dungeon Overview and Level Annotations

Branches:
Dungeon (8/15)             Temple (1/1) D:5           Sewer (visited)
   Lair: D:8-11

Altars:
Cheibriados
Dithmenos
Fedhas
Gozag
Hepliaklqana
Okawaru
Qazlal
Trog
Uskayaw
Vehumet
Wu Jian
Xom
Yredelemnul
Zin
The Shining One
Lugonu

Shops:
D:3 =

Annotations:
D:7 servitor and angel behind stone, Pikel


Innate Abilities, Weirdness & Mutations

You are immune to sickness and miasma.
You are immune to poison.
Your flesh is almost immune to the effects of heat. (rF+++)
You are vulnerable to cold. (rC-)
You float through the air rather than walking.
You learn spells naturally, not from books.
Your magical power is your life essence.
You have superior vitality. (+4 HP)
You have a pair of antennae on your head.
You are partially covered in large bone plates. (SH +4)
You passively map a small area around you.
You occasionally shout uncontrollably at your foes.


Message History

Your quasit barely misses Pikel.
Your quasit claws Pikel but does no damage.
Pikel hits your quasit with a +2 whip of electrocution!
Lightning courses through your quasit!
Your quasit dies!
Unknown command.
Casting: Static Discharge (safe; 1% risk of failure)
Confirm with . or Enter, or press ? or * to list all spells.
Pikel says, "Hell isn't that bad."
Pikel hits your quokka with a +2 whip of electrocution!
Lightning courses through your quokka!
Your quokka dies!
Your quokka's corpse disappears in a puff of smoke!
Casting: Summon Small Mammal (safe; 1% risk of failure)
Confirm with . or Enter, or press ? or * to list all spells.
Xom makes a sudden noise!
You hear the tinkle of an enormous bell.
You are now a very special plaything of Xom.
Casting: Summon Small Mammal (safe; 1% risk of failure)
Confirm with . or Enter, or press ? or * to list all spells.
The lemure barely misses your bat.
Pikel hits you with a +2 whip of electrocution!
* * * LOW HITPOINT WARNING * * *
You are electrocuted!
* * * LOW HITPOINT WARNING * * *
Your rat barely misses Pikel.
You swap places.
Your bat hits Pikel but does no damage.
Your bat closely misses Pikel.
The lemure barely misses your bat.
Pikel hits you with a +2 whip of electrocution.
* * * LOW HITPOINT WARNING * * *
Your bat hits the lemure but does no damage.
Your rat closely misses Pikel.
Unknown command.
Your rat bites Pikel but does no damage.
Casting: Summon Small Mammal (safe; 1% risk of failure)
Confirm with . or Enter, or press ? or * to list all spells.
* * * LOW HITPOINT WARNING * * *
Your bat closely misses Pikel.
Your bat hits Pikel but does no damage.
Pikel hits you with a +2 whip of electrocution!
You die...
Xom guffaws!

##### ##...###
#......##########
#......'...r.@Kr#
#..))..########b#
###'#### #.#
######..## #5#
.....#...# #5#
.....###.### #5#
** .....#°...§# *
... ,,*
.....#.....###
#.#
........_....# *
#.# ,


You could see Pikel (ally target), a friendly quokka (summoned), a friendly bat
(summoned) and a friendly rat (summoned).

Vanquished Creatures
  Harold (D:7)
  2 centaur zombies (D:6)
  Sigmund (D:2)
  Menkaure (D:7)
  2 water moccasins
  An orc warrior (D:7)
  A phantom (D:5)
  4 scorpions
  A howler monkey (D:5)
  A wight (D:4)
  2 bullfrog zombies (D:5)
  A hound (D:3)
  An orc priest (D:3)
  A centaur skeleton (D:7)
  Crazy Yiuf (D:6)
  2 bullfrog skeletons
  Terence (D:2)
  Jessica (D:2)
  5 iguanas
  2 orc wizards
  A hound skeleton (D:5)
  6 adders
  A river rat (D:3)
  A white imp (D:6)
  3 worms
  7 orcs
  11 bats
  6 endoplasms
  A giant cockroach (D:4)
  12 goblins
  5 hobgoblins
  6 jackals
  4 kobolds
  5 quokkas
  6 ball pythons
  2 frilled lizards
  2 rats
111 creatures vanquished.

Vanquished Creatures (collateral kills)
  2 ogres
  4 wights (D:4)
  2 adders
  An orc (D:3)
  A quokka (D:3)
  A ball python (D:4)
11 creatures vanquished.

Vanquished Creatures (others)
  361 foxfires
361 creatures vanquished.

Grand Total: 483 creatures vanquished

Notes
Turn   | Place    | Note
-------+----------+-------------------------------------------
     0 | D:1      | snetch the Djinni Fire Elementalist began the quest for the
                  | Orb.
     0 | D:1      | Reached XP level 1. HP: 15/15 MP: 0/0
   356 | D:1      | Reached XP level 2. HP: 19/21 MP: 0/0
   602 | D:1      | Found a faded altar of an unknown god.
   643 | D:1      | Became a worshipper of Xom of Gnomic Intent
   672 | D:1      | Reached skill level 3 in Spellcasting
   694 | D:1      | XOM: silly message
   738 | D:2      | Reached XP level 3. HP: 20/25 MP: 0/0
   738 | D:2      | Learned a level 1 spell: Summon Small Mammal
   745 | D:3      | Found a glowing drain.
   778 | Sewer    | Entered a sewer
   967 | Sewer    | XOM: divination: magic mapping
   984 | Sewer    | XOM: silly message
  1009 | Sewer    | Noticed a water moccasin
  1045 | Sewer    | XOM: confuse monster(s)
  1046 | Sewer    | Killed a water moccasin
  1047 | Sewer    | Reached skill level 4 in Spellcasting
  1047 | Sewer    | Reached XP level 4. HP: 12/31 MP: 0/0
  1047 | Sewer    | Reached XP level 5. HP: 14/35 MP: 0/0
  1047 | Sewer    | Learned a level 2 spell: Static Discharge
  1296 | D:2      | XOM: 4-stop teleportation journey
  1300 | D:2      | Noticed Terence
  1312 | D:2      | Killed Terence
  1462 | D:1      | XOM: god gift: glass ring {god gift}
  1519 | D:1      | XOM: give mutation
  1519 | D:1      | Gained mutation: You have a pair of small antennae on your
                  | head. [Xom's mischief]
  1711 | D:1      | XOM: god gift: 16 gold pieces
  1822 | D:2      | Noticed Jessica
  1824 | D:2      | Noticed Sigmund
  1829 | D:2      | Killed Jessica
  1830 | D:2      | Reached XP level 6. HP: 36/40 MP: 0/0
  1835 | D:2      | Killed Sigmund
  1868 | D:2      | Reached skill level 5 in Spellcasting
  1868 | D:2      | Reached XP level 7. HP: 15/45 MP: 0/0
  1868 | D:2      | Learned a level 3 spell: Summon Guardian Golem
  2064 | D:2      | XOM: give mutation
  2064 | D:2      | Gained mutation: You sometimes lose the ability to read
                  | scrolls when taking damage. [Xom's mischief]
  2388 | D:4      | XOM: noise
  2444 | D:3      | XOM: give mutations
  2444 | D:3      | Gained mutation: You have a pair of antennae on your head.
                  | [Xom's mischief]
  2444 | D:3      | Gained mutation: You are partially covered in large bone
                  | plates. (SH +4) [Xom's mischief]
  2444 | D:3      | Gained mutation: You evolve. [Xom's mischief]
  2491 | D:3      | XOM: enchant monster (bad)
  2499 | D:3      | XOM: cleaving
  2501 | D:3      | HP: 2/45 [orc priest/divine providence (10)]
  2507 | D:3      | XOM: 1-stop teleportation journey
  2612 | D:3      | Found an ornate altar of the Wu Jian Council.
  2612 | D:3      | XOM: 1-stop teleportation journey
  2718 | D:3      | XOM: 4-stop teleportation journey
  2809 | D:3      | XOM: give mutations
  2809 | D:3      | Lost mutation: You sometimes lose the ability to read
                  | scrolls when taking damage. [Xom's mischief]
  2809 | D:3      | Gained mutation: You occasionally shout uncontrollably at
                  | your foes. [Xom's mischief]
  2809 | D:3      | Gained mutation: Your flesh is almost immune to the effects
                  | of heat. (rF+++) [Xom's mischief]
  2854 | D:3      | XOM: summons 3 hostile shadow creatures
  3023 | D:3      | XOM: summons 4 hostile demons
  3315 | D:3      | Found Nasi's Jewellery Boutique.
  3450 | D:3      | XOM: chaos upgrade
  3459 | D:3      | XOM: polymorph rat -> bat
  3576 | D:3      | XOM: summons 4 hostile demons
  3600 | D:3      | XOM: divination: detect creatures
  3632 | D:3      | XOM: 3-stop teleportation journey
  3730 | D:3      | Found an iron altar of Okawaru.
  3818 | D:3      | XOM: divination: detect creatures
  3886 | D:3      | XOM: enchant monster (good)
  3952 | D:4      | Reached XP level 8. HP: 34/51 MP: 0/0
  3960 | D:4      | Reached skill level 6 in Spellcasting
  3973 | D:4      | XOM: 5-stop teleportation journey
  4238 | D:4      | XOM: divination: magic mapping
  4345 | D:4      | XOM: summons 8 friendly demons
  4394 | D:5      | Entered Level 5 of the Dungeon
  4405 | D:5      | Reached skill level 1 in Shields
  4852 | D:5      | XOM: cloud trail
  4916 | D:5      | XOM: god gift: short sword {god gift}
  5031 | D:5      | Reached skill level 1 in Armour
  5107 | D:5      | XOM: 1-stop teleportation journey
  5151 | D:5      | Found a glowing silver altar of Zin.
  5176 | D:5      | Reached skill level 1 in Fighting
  5295 | D:5      | Found a staircase to the Ecumenical Temple.
  5314 | D:6      | XOM: summons friendly iron imp
  5317 | D:6      | XOM: divination: magic mapping
  5319 | D:6      | XOM: polymorph iron imp -> crimson imp
  5324 | D:6      | Reached skill level 7 in Spellcasting
  5324 | D:6      | Reached XP level 9. HP: 32/57 MP: 0/0
  5324 | D:6      | Learned a level 3 spell: Dazzling Flash
  5356 | Temple   | Entered the Ecumenical Temple
  5517 | D:6      | XOM: enchant monster (bad)
  5529 | D:5      | Lost mutation: You evolve. [evolution]
  5559 | D:5      | XOM: 2-stop teleportation journey
  5776 | D:5      | Found a bloodstained altar of Trog.
  5922 | D:5      | XOM: give mutation
  5922 | D:5      | Gained mutation: You passively map a small area around you.
                  | [Xom's mischief]
  6045 | D:6      | XOM: 8-stop teleportation journey
  6051 | D:6      | XOM: stat loss: -1 Str (6/7)
  6126 | D:6      | XOM: summons 3 hostile shadow creatures
  6220 | D:6      | Found a shimmering altar of Xom.
  6332 | D:6      | XOM: noise
  6340 | D:6      | XOM: 1-stop teleportation journey
  6397 | D:6      | XOM: silly message
  6532 | D:6      | XOM: 4-stop teleportation journey
  6629 | D:6      | XOM: summons 1 hostile shadow creature
  6781 | D:6      | XOM: 3-stop teleportation journey
  7451 | D:6      | Found a runed translucent door.
  7452 | D:6      | Noticed Crazy Yiuf
  7459 | D:6      | Killed Crazy Yiuf
  7718 | D:7      | XOM: summons 1 hostile demon
  7848 | D:7      | Found a basalt altar of Yredelemnul.
  7850 | D:7      | Noticed a profane servitor
  7869 | D:7      | Found a glowing golden altar of the Shining One.
  7871 | D:7      | Noticed an angel
  7909 | D:7      | XOM: 1-stop teleportation journey
  8072 | D:7      | Noticed Harold
  8083 | D:7      | XOM: enchant monster (good)
  8098 | D:7      | HP: 1/58 [Harold (4)]
  8104 | D:7      | Killed Harold
  8105 | D:7      | Reached skill level 1 in Staves
  8259 | D:7      | XOM: cloud trail
  8372 | D:7      | XOM: cloud trail
  8377 | D:7      | Noticed Menkaure
  8384 | D:7      | Killed Menkaure
  8439 | D:7      | XOM: god gift: scroll labelled HUMOIC FUWOT {god gift}
  8538 | D:7      | Found a stormy altar of Qazlal.
  8559 | D:7      | Reached XP level 10. HP: 30/65 MP: 0/0
  8745 | D:7      | Noticed Pikel
  8751 | D:7      | XOM: summons 2 friendly demons
  8756 | D:7      | XOM: noise
  8760 | D:7      | Mangled by Pikel

Illustrated notes

Levels and vault maps discovered:
D:1:      nzn_arrival_crosshair, layout_basic,
          hellmonk_ecumenical_altar_lost_god
D:2:      layout_basic, uniq_sigmund, uniq_terence, uniq_jessica
D:3:      layout_basic, mainiacjoe_overflow_catwalk, lemuel_tele_altar,
          cheibrodos_sewer_entry_sluice, serial_shops, shop,
          minmay_ogre_servants
D:4:      layout_loops_ring, chequers_garden, minivault_14, grunt_ministairs_2
D:5:      layout_basic, vehumet_crystals,
          mainiacjoe_overflow_concentric_impassable, zin_statuary,
          minmay_temple_entry_glass
D:6:      layout_layer_cave, xom_teletrap_fun, uniq_crazy_yiuf_cottage
D:7:      layout_basic, grunt_temple_overflow_holy_war,
          nicolae_ashenzari_panopticon, grunt_qazlal_clouds, uniq_pikel,
          uniq_harold, uniq_menkaure
D:8:      layout_basic, mainiacjoe_overflow_tiny_flanked, kennysheep_mini,
          uniq_erica, uniq_maggie
Temple:   corrupted_temple

Skill      XL: |  1  2  3  4  5  6  7  8  9 |
---------------+----------------------------+-----
Spellcasting   | 3 4 5 7 |  7.7
Stealth        | 2 3 4 |  4.7
Dodging        | 3 4 |  4.7
Shields        | 1 2 |  2.0
Armour         | 2 4 |  4.3
Fighting       | 1 2 |  2.6
Staves         | 2 |  2.3

Action                   |  1- 3 |  4- 6 |  7- 9 | 10-12 || total
-------------------------+-------+-------+-------+-------++-------
Melee: Staff             |     4 |     2 |    15 |       ||    21
       Battleaxe         |       |       |    26 |       ||    26
       Quarterstaff      |       |       |    21 |     1 ||    22
 Cast: Foxfire           |    42 |    28 |   143 |       ||   213
       Static Discharge  |       |       |    28 |     1 ||    29
       Summon Small Mamm |       |       |    16 |     4 ||    20
       Summon Guardian G |       |       |     3 |       ||     3
       Fireball          |       |       |     8 |       ||     8
       Sticky Flame      |       |       |     4 |     2 ||     6
       Dazzling Flash    |       |       |     1 |       ||     1
  Use: Potion            |       |       |     1 |       ||     1
 Stab: Sleeping          |       |       |     1 |       ||     1
       Petrified         |       |       |     7 |       ||     7
Armor: Robe              |     4 |       |     9 |       ||    13
       Leather armour    |       |       |    23 |       ||    23
       Ring mail         |       |       |     6 |       ||     6
Dodge: Dodged            |    10 |     5 |    80 |       ||    95
Block: Other             |       |       |    33 |     1 ||    34

Table legend: (Time is in decaauts)
 A = Elapsed time spent in this place.
 B = Non-inter-level travel time spent in this place.
 C = Inter-level travel time spent in this place.
 D = Time resting spent in this place.
 E = Time spent auto-exploring this place.
 F = Levels seen in this place.
 G = Mean time per level.
                   A        B        C        D        E       F      G
               +--------+--------+--------+--------+--------+-----+--------+
         Total |   8804 |   8452 |    352 |    264 |   6021 |  10 |  880.4 |
       Dungeon |   8164 |   7825 |    339 |    264 |   5477 |   8 | 1020.5 |
        Temple |    143 |    130 |     13 |      0 |    126 |   1 |  143.0 |
         Sewer |    496 |    496 |      0 |      0 |    418 |   1 |  496.0 |
               +--------+--------+--------+--------+--------+-----+--------+

Top non-repeatable levels by time:
     D:6: 1705 daAuts
     D:3: 1599 daAuts
     D:7: 1121 daAuts
     D:5: 980 daAuts
     D:1: 954 daAuts
     D:4: 947 daAuts
     D:2: 850 daAuts
   Sewer: 496 daAuts
  Temple: 143 daAuts
     D:8: 5 daAuts
